 Dungeon Crawl Stone Soup version 0.17-a0-1949-g1acca9a (webtiles) character file.

48 Oddball22 the Cutter (level 3, -7/31 HPs)
             Began as a Demonspawn Artificer on Oct 2, 2015.
             Mangled by an orc
             ... wielding a +0 war axe
              (9 damage)
             ... on level 1 of the Dungeon.
             The game lasted 00:02:47 (1150 turns).

Oddball22 the Cutter (Demonspawn Artificer)         Turns: 1150, Time: 00:02:48

Health: -7/31      AC:  5    Str: 11      XL:     3   Next: 50%
Magic:  5/5        EV: 13    Int: 13      God:
Gold:   11         SH:  0    Dex: 12 (14) Spells: 0 memorised, 2 levels left

rFire  . . .     SeeInvis .     a - +0 short sword
rCold  . . .     Clarity  .     b - +0 leather armour
rNeg   . . .     SustAt   .     (no shield)
rPois  .         Gourm    .     (no helmet)
rElec  .         Spirit   .     (no cloak)
rCorr  .         Warding  .     (no gloves)
rMut   .         Stasis   .     (no boots)
MR     .....                    (no amulet)
Stlth  +.........               (no ring)
                                (no ring)

@: not resistant to hostile enchantments, very unstealthy
A: hooves 1, yellow scales 1
a: no special abilities


You were on level 1 of the Dungeon.
You were not hungry.

You visited 1 branch of the dungeon, and saw 1 of its levels.

You collected 11 gold pieces.

Inventory:

Hand weapons
 a - a +0 short sword (weapon)
Armour
 b - a +0 leather armour (worn)
Magical devices
 c - a wand of flame (15)
 d - a wand of enslavement (15)
 e - a wand of random effects (15)
Scrolls
 i - 3 scrolls of amnesia {unknown}
 j - a scroll of identify {unknown}
 m - a scroll of random uselessness {unknown}
 o - a scroll of teleportation {unknown}
Potions
 h - a potion of degeneration
 k - a potion of invisibility {unknown}
 l - a potion of curing {unknown}
Comestibles
 f - a bread ration
 n - 3 chunks of flesh


   Skills:
 + Level 4.7 Fighting
 * Level 6.0 Short Blades
 + Level 4.5 Dodging
 - Level 0.8 Stealth
 - Level 3.0 Evocations


You had 2 spell levels left.
You didn't know any spells.

Dungeon Overview and Level Annotations

Branches:
Dungeon (1/15)

Altars:


Innate Abilities, Weirdness & Mutations

You have large cloven feet.
You are partially covered in yellow scales (AC +2).


Message History

The orc misses you.
You barely miss the orc. The orc hits you with a war axe.
You hit the orc.
The orc is moderately wounded.
Your leather armour prevents you from hitting the orc.
Your kick misses the orc. The orc hits you with a war axe!
* * * LOW HITPOINT WARNING * * *
Drink which item? (? for menu, Esc to quit)
It was a potion of experience.
You feel more experienced!
Your Fighting skill gained 3 levels and is now at level 4!
Your Short Blades skill gained 5 levels and is now at level 6!
Your Dodging skill gained 2 levels and is now at level 4!
You have reached level 3!
Your experience leads to an increase in your attributes!
Your base attributes are Str 11, Int 13, Dex 13.
Increase (S)trength, (I)ntelligence, or (D)exterity?
You feel agile.
Your demonic ancestry asserts itself...
Yellow scales grow over part of your body.
The orc hits you with a war axe!
You die...

...#.......# #.#
...........# #.#
...........# #.#
...........# #.#
...........# #.#
.....####### #.#
.....# #.#
#....#########.####
..............oo@>#
#....#########.##.#
#....# #.##.#
###### #######.##÷#
###### .........#.#
#....# .........#.#
#.##.# .........#÷#
#.##.# .........#.#
#.##.# #######.##.#
#.##.#


You could see 2 orcs.

Vanquished Creatures
  An orc (D:1)
  A giant cockroach (D:1)
  2 goblins (D:1)
  2 hobgoblins (D:1)
  2 jackals (D:1)
  4 bats (D:1)
  A giant gecko (D:1)
  2 giant newts (D:1)
  A kobold (D:1)
  A rat (D:1)
17 creatures vanquished.

Notes
Turn   | Place    | Note
--------------------------------------------------------------
     0 | D:1      | Oddball22 the Demonspawn Artificer began the quest for the Orb.
     0 | D:1      | Reached XP level 1. HP: 15/15 MP: 3/3
   108 | D:1      | Reached skill level 1 in Short Blades
   474 | D:1      | Gained mutation: You have large cloven feet. [demonic ancestry]
   474 | D:1      | Reached XP level 2. HP: 12/21 MP: 4/4
  1150 | D:1      | Reached skill level 4 in Fighting
  1150 | D:1      | Reached skill level 6 in Short Blades
  1150 | D:1      | Gained mutation: You are partially covered in yellow scales (AC +2). [demonic ancestry]
  1150 | D:1      | Reached XP level 3. HP: 2/31 MP: 5/5
  1150 | D:1      | Mangled by an orc

Vault maps used:
D:1:      minmay_arrival_shattered_statue, nrook_mini_vaults

Action                   || total
-------------------------++-------
Melee: Short sword       ||    93
  Use: Potion            ||     3
 Stab: Sleeping          ||     1
  Eat: Chunk             ||     1
